Workbook
Name Category: ' ARP-HCY I Budget Detail'!$E$34:$E$98
Name DUNS: Sheet4!$A$1:$E$408
Name ICR: '[1]ICR%FY19'!$A$2:$C$158
Name LEA: Sheet4!$B$2:$B$408

Sheet  ARP-HCY I Budget Detail
A1: American Rescue Plan – Homeless Children and Youth (ARP-HCY) - Budget Detail
A2: School Corp: | B2: ='ARP-HCY I Budget Summary'!B9 -> -Select LEA-
A3: Directions: Please enter each item to to be funded into the appropriate funding category. Insert lines as needed. All components (Description, Cost Each, Quantity and Quantity Description) must be completed for the budget to be approved. The Subtotals and Total Budget will calculate automatically.
A5: Activity Description | B5: Cost Per Unit | C5: Quantity | D5: Quantity Description (if applicable) | E5: Budget Category | F5: Total
A6: Title I, Part A Homeless Set-Aside | B6: - | C6: - | D6: - | E6: Title I, Part A Homeless Set-Aside
A7: Indirect Cost to be Used | B7: - | C7: - | D7: - | E7: Indirect Cost Used
F8: =B8*C8 -> 0
F9: =B9*C9 -> 0
F10: =B10*C10 -> 0
F11: =B11*C11 -> 0
F12: =B12*C12 -> 0
F13: =B13*C13 -> 0
F14: =B14*C14 -> 0
F15: =B15*C15 -> 0
F16: =B16*C16 -> 0
F17: =B17*C17 -> 0
F18: =B18*C18 -> 0
F19: =B19*C19 -> 0
... F30: =B30*C30 -> 0
A31: INSERT NEW ROWS ABOVE THIS LINE | F31: =B31*C31 -> 0
E33: Budget Category | F33: Total
E34: Instruction: Salary | F34: =SUMIF($E$6:$E$31,"Instruction: Salary ", $F$6:$F$31) -> 0
E35: Instruction: Benefits | F35: =SUMIF($E$6:$E$31,"Instruction: Benefits ", $F$6:$F$31) -> 0
E36: Instruction: Professional Services | F36: =SUMIF($E$6:$E$31,"Instruction: Professional Services", $F$6:$F$31) -> 0
E37: Instruction: Rentals | F37: =SUMIF($E$6:$E$31,"Instruction: Rentals", $F$6:$F$31) -> 0
E38: Instruction: Other Purchased Services | F38: =SUMIF($E$6:$E$31,"Instruction: Other Purchased Services", $F$6:$F$31) -> 0
E39: Instruction: General Supplies | F39: =SUMIF($E$6:$E$31,"Instruction: General Supplies", $F$6:$F$31) -> 0
E40: Instruction: Property | F40: =SUMIF($E$6:$E$31,"Instruction: Property", $F$6:$F$31) -> 0
E41: Instruction: Other | F41: =SUMIF($E$6:$E$31,"Instruction: Other ", $F$6:$F$31) -> 0
E42: Instruction: Transfer | F42: =SUMIF($E$6:$E$31,"Instruction: Transfer", $F$6:$F$31) -> 0
E43: Support Services (Student): Salary | F43: =SUMIF($E$6:$E$31,"Support Services (Student): Salary ", $F$6:$F$31) -> 0
E44: Support Services (Student): Benefits | F44: =SUMIF($E$6:$E$31,"Support Services (Student): Benefits ", $F$6:$F$31) -> 0
E45: Support Services (Student): Professional Services | F45: =SUMIF($E$6:$E$31,"Support Services (Student): Professional Services", $F$6:$F$31) -> 0
E46: Support Services (Student): Rentals | F46: =SUMIF($E$6:$E$31,"Support Services (Student): Rentals", $F$6:$F$31) -> 0
E47: Support Services (Student): Other Purchased Services | F47: =SUMIF($E$6:$E$31,"Support Services (Student): Other Purchased Services", $F$6:$F$31) -> 0
E48: Support Services (Student): General Supplies | F48: =SUMIF($E$6:$E$31,"Support Services (Student): General Supplies", $F$6:$F$31) -> 0
E49: Support Services (Student): Property | F49: =SUMIF($E$6:$E$31,"Support Services (Student): Property", $F$6:$F$31) -> 0
E50: Support Services (Student): Other | F50: =SUMIF($E$6:$E$31,"Support Services (Student): Other ", $F$6:$F$31) -> 0
E51: Support Services (Student): Transfer | F51: =SUMIF($E$6:$E$31,"Support Services (Student): Transfer", $F$6:$F$31) -> 0
E52: Improvement of Instruction: Salary | F52: =SUMIF($E$6:$E$31,"Improvement of Instruction: Salary ", $F$6:$F$31) -> 0
E53: Improvement of Instruction: Benefits | F53: =SUMIF($E$6:$E$31,"Improvement of Instruction: Benefits ", $F$6:$F$31) -> 0
E54: Improvement of Instruction: Professional Services | F54: =SUMIF($E$6:$E$31,"Improvement of Instruction: Professional Services", $F$6:$F$31) -> 0
E55: Improvement of Instruction: Rentals | F55: =SUMIF($E$6:$E$31,"Improvement of Instruction: Rentals", $F$6:$F$31) -> 0
E56: Improvement of Instruction: Other Purchased Services | F56: =SUMIF($E$6:$E$31,"Improvement of Instruction: Other Purchased Services", $F$6:$F$31) -> 0
E57: Improvement of Instruction: General Supplies | F57: =SUMIF($E$6:$E$31,"Improvement of Instruction: General Supplies", $F$6:$F$31) -> 0
E58: Improvement of Instruction: Property | F58: =SUMIF($E$6:$E$31,"Improvement of Instruction: Property", $F$6:$F$31) -> 0
E59: Improvement of Instruction: Other | F59: =SUMIF($E$6:$E$31,"Improvement of Instruction: Other ", $F$6:$F$31) -> 0
E60: Improvement of Instruction: Transfer | F60: =SUMIF($E$6:$E$31,"Improvement of Instruction: Transfer", $F$6:$F$31) -> 0
E61: Other Support Services: Salary | F61: =SUMIF($E$6:$E$31,"Other Support Services: Salary ", $F$6:$F$31) -> 0
E62: Other Support Services: Benefits | F62: =SUMIF($E$6:$E$31,"Other Support Services: Benefits ", $F$6:$F$31) -> 0
E63: Other Support Services: Professional Services | F63: =SUMIF($E$6:$E$31,"Other Support Services: Professional Services", $F$6:$F$31) -> 0
E64: Other Support Services: Rentals | F64: =SUMIF($E$6:$E$31,"Other Support Services: Rentals", $F$6:$F$31) -> 0
E65: Other Support Services: Other Purchased Services | F65: =SUMIF($E$6:$E$31,"Other Support Services: Other Purchased Services", $F$6:$F$31) -> 0
E66: Other Support Services: General Supplies | F66: =SUMIF($E$6:$E$31,"Other Support Services: General Supplies", $F$6:$F$31) -> 0
E67: Other Support Services: Property | F67: =SUMIF($E$6:$E$31,"Other Support Services: Property", $F$6:$F$31) -> 0
E68: Other Support Services: Other | F68: =SUMIF($E$6:$E$31,"Other Support Services: Other ", $F$6:$F$31) -> 0
E69: Other Support Services: Transfer | F69: =SUMIF($E$6:$E$31,"Other Support Services: Transfer", $F$6:$F$31) -> 0
E70: Operations and Maintenance: Salary | F70: =SUMIF($E$6:$E$31,"Operations and Maintenance: Salary ", $F$6:$F$31) -> 0
E71: Operations and Maintenance: Benefits | F71: =SUMIF($E$6:$E$31,"Operations and Maintenance: Benefits ", $F$6:$F$31) -> 0
E72: Operations and Maintenance: Professional Services | F72: =SUMIF($E$6:$E$31,"Operations and Maintenance: Professional Services", $F$6:$F$31) -> 0
E73: Operations and Maintenance: Rentals | F73: =SUMIF($E$6:$E$31,"Operations and Maintenance: Rentals", $F$6:$F$31) -> 0
E74: Operations and Maintenance: Other Purchased Services | F74: =SUMIF($E$6:$E$31,"Operations and Maintenance: Other Purchased Services", $F$6:$F$31) -> 0
E75: Operations and Maintenance: General Supplies | F75: =SUMIF($E$6:$E$31,"Operations and Maintenance: General Supplies", $F$6:$F$31) -> 0
E76: Operations and Maintenance: Property | F76: =SUMIF($E$6:$E$31,"Operations and Maintenance: Property", $F$6:$F$31) -> 0
E77: Operations and Maintenance: Other | F77: =SUMIF($E$6:$E$31,"Operations and Maintenance: Other ", $F$6:$F$31) -> 0
E78: Operations and Maintenance: Transfer | F78: =SUMIF($E$6:$E$31,"Operations and Maintenance: Transfer", $F$6:$F$31) -> 0
E79: Transportation: Salary | F79: =SUMIF($E$6:$E$31,"Transportation: Salary ", $F$6:$F$31) -> 0
E80: Transportation: Benefits | F80: =SUMIF($E$6:$E$31,"Transportation: Benefits ", $F$6:$F$31) -> 0
E81: Transportation: Professional Services | F81: =SUMIF($E$6:$E$31,"Transportation: Professional Services", $F$6:$F$31) -> 0
E82: Transportation: Rentals | F82: =SUMIF($E$6:$E$31,"Transportation: Rentals", $F$6:$F$31) -> 0
E83: Transportation: Other Purchased Services | F83: =SUMIF($E$6:$E$31,"Transportation: Other Purchased Services", $F$6:$F$31) -> 0
E84: Transportation: General Supplies | F84: =SUMIF($E$6:$E$31,"Transportation: General Supplies", $F$6:$F$31) -> 0
E85: Transportation: Property | F85: =SUMIF($E$6:$E$31,"Transportation: Property", $F$6:$F$31) -> 0
E86: Transportation: Other | F86: =SUMIF($E$6:$E$31,"Transportation: Other ", $F$6:$F$31) -> 0
E87: Transportation: Transfer | F87: =SUMIF($E$6:$E$31,"Transportation: Transfer", $F$6:$F$31) -> 0
E88: Community Services Operations: Salary | F88: =SUMIF($E$6:$E$31,"Community Services Operations: Salary ", $F$6:$F$31) -> 0
E89: Community Services Operations: Benefits | F89: =SUMIF($E$6:$E$31,"Community Services Operations: Benefits ", $F$6:$F$31) -> 0
E90: Community Services Operations: Professional Services | F90: =SUMIF($E$6:$E$31,"Community Services Operations: Professional Services", $F$6:$F$31) -> 0
E91: Community Services Operations: Rentals | F91: =SUMIF($E$6:$E$31,"Community Services Operations: Rentals", $F$6:$F$31) -> 0
E92: Community Services Operations: Other Purchased Services | F92: =SUMIF($E$6:$E$31,"Community Services Operations: Other Purchased Services", $F$6:$F$31) -> 0
E93: Community Services Operations: General Supplies | F93: =SUMIF($E$6:$E$31,"Community Services Operations: General Supplies", $F$6:$F$31) -> 0
E94: Community Services Operations: Property | F94: =SUMIF($E$6:$E$31,"Community Services Operations: Property", $F$6:$F$31) -> 0
E95: Community Services Operations: Other | F95: =SUMIF($E$6:$E$31,"Community Services Operations: Other ", $F$6:$F$31) -> 0
E96: Community Services Operations: Transfer | F96: =SUMIF($E$6:$E$31,"Community Services Operations: Transfer", $F$6:$F$31) -> 0
E97: Title I, Part A Homeless Set-Aside | F97: =SUMIF($E$6:$E$31,"Title I, Part A Homeless Set-Aside", $F$6:$F$31) -> 0
E98: Indirect Cost Used | F98: =SUMIF($E$6:$E$31,"Indirect Cost Used", $F$6:$F$31) -> 0
E99: Grand Total | F99: =(SUM(F6:F31))-F97 -> 0

Sheet ARP-HCY I Budget Summary
A2: American Rescue Plan – Homeless Children and Youth Relief Funds (ARP-HCY)
A3: Budget Request Summary
A4: Federal Program Title/Project Name | B4: American Rescue Plan Elementary and Secondary Schools Emergency Relief Fund – Homeless Children and Youth (ARP-HCY)
A5: Federal Agency | B5: US Department of Education
A6: CFDA Number | B6: 84.425W
A7: Award Name | D7: FED-ID
A8: Award Number | D8: EDS#
A9: Grantee Name | (DUNS#) | B9: -Select LEA-
A10: Grantee Name (if consortium) | (DUNS#)
A11: Budget Categories | B11: Total
A12: 1. Salary | B12: ='ARP-HCY I Budget Table'!C13 -> 0
A13: 2. Benefits | B13: ='ARP-HCY I Budget Table'!D13 -> 0
A14: 3. Professional Services | B14: ='ARP-HCY I Budget Table'!E13 -> 0
A15: 4. Rentals | B15: ='ARP-HCY I Budget Table'!F13 -> 0
A16: 5. Other Purchased Services | B16: ='ARP-HCY I Budget Table'!G13 -> 0
A17: 6. General Supplies | B17: ='ARP-HCY I Budget Table'!H13 -> 0
A18: 7. Property | B18: ='ARP-HCY I Budget Table'!I13 -> 0
A19: 8. Other | B19: ='ARP-HCY I Budget Table'!J13 -> 0
A20: 9. Transfer | B20: ='ARP-HCY I Budget Table'!K13 -> 0
A21: Total Direct Costs (1-9) | B21: =SUM(B12:B20) -> 0
A22: Indirect Costs | B22: ='ARP-HCY I Budget Table'!L17 -> 0
A23: Grand Total after Indirect Cost | B23: =SUM(B21:B22) -> 0

Sheet Sheet4
A1: Corp# | B1: School Corporation | C1: -Select LEA- | D1: ICR% | E1: DUNS #
A2: 0015 | B2: Adams Central Community Schools | C2: =A2&" "&B2&"|"&" "&"(DUNS#)"&" "&E2 -> 0015 Adams Central Community Schools | (DUNS#) 092039999 | D2: =VLOOKUP(A2,ICR,3,FALSE) -> 0.0122 | E2: 092039999
A3: 0025 | B3: North Adams Community Schools | C3: =A3&" "&B3&"|"&" "&"(DUNS#)"&" "&E3 -> 0025 North Adams Community Schools | (DUNS#) 088744172 | D3: =VLOOKUP(A3,ICR,3,FALSE) -> 0.0059 | E3: 088744172
A4: 0035 | B4: South Adams Schools | C4: =A4&" "&B4&"|"&" "&"(DUNS#)"&" "&E4 -> 0035 South Adams Schools | (DUNS#) 086775111 | D4: =VLOOKUP(A4,ICR,3,FALSE) -> #N/A | E4: 086775111
A5: 0125 | B5: M S D Southwest Allen County | C5: =A5&" "&B5&"|"&" "&"(DUNS#)"&" "&E5 -> 0125 M S D Southwest Allen County | (DUNS#) 100021062 | D5: =VLOOKUP(A5,ICR,3,FALSE) -> #N/A | E5: 100021062
A6: 0225 | B6: Northwest Allen County Schools | C6: =A6&" "&B6&"|"&" "&"(DUNS#)"&" "&E6 -> 0225 Northwest Allen County Schools| (DUNS#) 086772571 | D6: =VLOOKUP(A6,ICR,3,FALSE) -> #N/A | E6: 086772571
A7: 0235 | B7: Fort Wayne Community Schools | C7: =A7&" "&B7&"|"&" "&"(DUNS#)"&" "&E7 -> 0235 Fort Wayne Community Schools | (DUNS#) 74307463 | D7: =VLOOKUP(A7,ICR,3,FALSE) -> 0.0436 | E7: 74307463
A8: 0255 | B8: East Allen County Schools | C8: =A8&" "&B8&"|"&" "&"(DUNS#)"&" "&E8 -> 0255 East Allen County Schools | (DUNS#) 70980388 | D8: =VLOOKUP(A8,ICR,3,FALSE) -> 0.0276 | E8: 70980388
A9: 0365 | B9: Bartholomew Con School Corp | C9: =A9&" "&B9&"|"&" "&"(DUNS#)"&" "&E9 -> 0365 Bartholomew Con School Corp | (DUNS#) 072067846 | D9: =VLOOKUP(A9,ICR,3,FALSE) -> 0.0129 | E9: 072067846
A10: 0370 | B10: Flat Rock-Hawcreek School Corp | C10: =A10&" "&B10&"|"&" "&"(DUNS#)"&" "&E10 -> 0370 Flat Rock-Hawcreek School Corp| (DUNS#) 050430644 | D10: =VLOOKUP(A10,ICR,3,FALSE) -> #N/A | E10: 050430644
A11: 0395 | B11: Benton Community School Corp | C11: =A11&" "&B11&"|"&" "&"(DUNS#)"&" "&E11 -> 0395 Benton Community School Corp | (DUNS#) 075981969 | D11: =VLOOKUP(A11,ICR,3,FALSE) -> 0.0273 | E11: 075981969
A12: 0515 | B12: Blackford County Schools | C12: =A12&" "&B12&"|"&" "&"(DUNS#)"&" "&E12 -> 0515 Blackford County Schools | (DUNS#) 133501312 | D12: =VLOOKUP(A12,ICR,3,FALSE) -> 0.0229 | E12: 133501312
A13: 0615 | B13: Western Boone Co Com Sch Dist | C13: =A13&" "&B13&"|"&" "&"(DUNS#)"&" "&E13 -> 0615 Western Boone Co Com Sch Dist | (DUNS#) 100744200 | D13: =VLOOKUP(A13,ICR,3,FALSE) -> #N/A | E13: 100744200
... A153: 4860 | B153: M S D New Durham Township | C153: =A153&" "&B153&"|"&" "&"(DUNS#)"&" "&E153 -> 4860 M S D New Durham Township| (DUNS#) 103916115 | D153: =VLOOKUP(A153,ICR,3,FALSE) -> 0.0274 | E153: 103916115
A154: 4915 | B154: Tri-Township Cons Sch (Cass, Dewey, Prairie) | C154: =A154&" "&B154&"|"&" "&"(DUNS#)"&" "&E154 -> 4915 Tri-Township Cons Sch (Cass, Dewey, Prairie) | (DUNS#) | D154: =VLOOKUP(A154,ICR,3,FALSE) -> #N/A
A155: 4925 | B155: Michigan City Area Schools | C155: =A155&" "&B155&"|"&" "&"(DUNS#)"&" "&E155 -> 4925 Michigan City Area Schools | (DUNS#) 069761146 | D155: =VLOOKUP(A155,ICR,3,FALSE) -> 0.0252 | E155: 069761146
A156: 4940 | B156: South Central Com School Corp | C156: =A156&" "&B156&"|"&" "&"(DUNS#)"&" "&E156 -> 4940 South Central Com School Corp | (DUNS#) 100021237 | D156: =VLOOKUP(A156,ICR,3,FALSE) -> #N/A | E156: 100021237
A157: 4945 | B157: Laporte Community School Corp | C157: =A157&" "&B157&"|"&" "&"(DUNS#)"&" "&E157 -> 4945 Laporte Community School Corp | (DUNS#) 74323957 | D157: =VLOOKUP(A157,ICR,3,FALSE) -> #N/A | E157: 74323957
A158: 5075 | B158: North Lawrence Com Schools | C158: =A158&" "&B158&"|"&" "&"(DUNS#)"&" "&E158 -> 5075 North Lawrence Com Schools | (DUNS#) 072063746 | D158: =VLOOKUP(A158,ICR,3,FALSE) -> #N/A | E158: 072063746
A159: 5085 | B159: Mitchell Community Schools | C159: =A159&" "&B159&"|"&" "&"(DUNS#)"&" "&E159 -> 5085 Mitchell Community Schools | (DUNS#) 098144520 | D159: =VLOOKUP(A159,ICR,3,FALSE) -> #N/A | E159: 098144520
A160: 5245 | B160: Frankton-Lapel Community Schs | C160: =A160&" "&B160&"|"&" "&"(DUNS#)"&" "&E160 -> 5245 Frankton-Lapel Community Schs | (DUNS#) 100648393 | D160: =VLOOKUP(A160,ICR,3,FALSE) -> #N/A | E160: 100648393
A161: 5255 | B161: South Madison Com Sch Corp | C161: =A161&" "&B161&"|"&" "&"(DUNS#)"&" "&E161 -> 5255 South Madison Com Sch Corp | (DUNS#) 079566030 | D161: =VLOOKUP(A161,ICR,3,FALSE) -> #N/A | E161: 079566030
A162: 5265 | B162: Alexandria Com School Corp | C162: =A162&" "&B162&"|"&" "&"(DUNS#)"&" "&E162 -> 5265 Alexandria Com School Corp | (DUNS#) 100213404 | D162: =VLOOKUP(A162,ICR,3,FALSE) -> 0.0125 | E162: 100213404
A163: 5275 | B163: Anderson Community School Corp | C163: =A163&" "&B163&"|"&" "&"(DUNS#)"&" "&E163 -> 5275 Anderson Community School Corp| (DUNS#) 100737824 | D163: =VLOOKUP(A163,ICR,3,FALSE) -> 0.0317 | E163: 100737824
A164: 5280 | B164: Elwood Community School Corp | C164: =A164&" "&B164&"|"&" "&"(DUNS#)"&" "&E164 -> 5280 Elwood Community School Corp | (DUNS#) 050582691 | D164: =VLOOKUP(A164,ICR,3,FALSE) -> #N/A | E164: 050582691
A165: 5300 | B165: M S D Decatur Township | C165: =A165&" "&B165&"|"&" "&"(DUNS#)"&" "&E165 -> 5300 M S D Decatur Township | (DUNS#) 055603427 | D165: =VLOOKUP(A165,ICR,3,FALSE) -> 0.017 | E165: 055603427
A166: 5310 | B166: Franklin Township Com Sch Corp | C166: =A166&" "&B166&"|"&" "&"(DUNS#)"&" "&E166 -> 5310 Franklin Township Com Sch Corp| (DUNS#) 050596485 | D166: =VLOOKUP(A166,ICR,3,FALSE) -> 0.0146 | E166: 050596485
... A175: 5400 | B175: School Town Of Speedway | C175: =A175&" "&B175&"|"&" "&"(DUNS#)"&" "&E175 -> 5400 School Town Of Speedway| (DUNS#) 87039145 | D175: =VLOOKUP(A175,ICR,3,FALSE) -> #N/A | E175: 87039145
A176: 5444 | B176: IN Math & Science Ac. North | C176: =A176&" "&B176&"|"&" "&"(DUNS#)"&" "&E176 -> 5444 IN Math & Science Ac. North| (DUNS#) | D176: =VLOOKUP(A176,ICR,3,FALSE) -> #N/A
A177: 5455 | B177: Culver Community Schools Corp | C177: =A177&" "&B177&"|"&" "&"(DUNS#)"&" "&E177 -> 5455 Culver Community Schools Corp | (DUNS#) 100215177 | D177: =VLOOKUP(A177,ICR,3,FALSE) -> #N/A | E177: 100215177
A178: 5470 | B178: Argos Community Schools | C178: =A178&" "&B178&"|"&" "&"(DUNS#)"&" "&E178 -> 5470 Argos Community Schools | (DUNS#) 086772563 | D178: =VLOOKUP(A178,ICR,3,FALSE) -> #N/A | E178: 086772563
A179: 5480 | B179: Bremen Public Schools | C179: =A179&" "&B179&"|"&" "&"(DUNS#)"&" "&E179 -> 5480 Bremen Public Schools | (DUNS#) 100021138 | D179: =VLOOKUP(A179,ICR,3,FALSE) -> #N/A | E179: 100021138
A180: 5485 | B180: Plymouth Community School Corp | C180: =A180&" "&B180&"|"&" "&"(DUNS#)"&" "&E180 -> 5485 Plymouth Community School Corp| (DUNS#) 74311804 | D180: =VLOOKUP(A180,ICR,3,FALSE) -> 0.0083 | E180: 74311804
A181: 5495 | B181: Triton School Corporation | C181: =A181&" "&B181&"|"&" "&"(DUNS#)"&" "&E181 -> 5495 Triton School Corporation | (DUNS#) 193221538 | D181: =VLOOKUP(A181,ICR,3,FALSE) -> 0.0014 | E181: 193221538
A182: 5520 | B182: Shoals Community School Corp | C182: =A182&" "&B182&"|"&" "&"(DUNS#)"&" "&E182 -> 5520 Shoals Community School Corp | (DUNS#) 184628790 | D182: =VLOOKUP(A182,ICR,3,FALSE) -> #N/A | E182: 184628790
A183: 5525 | B183: Loogootee Community Sch Corp | C183: =A183&" "&B183&"|"&" "&"(DUNS#)"&" "&E183 -> 5525 Loogootee Community Sch Corp | (DUNS#) 037859352 | D183: =VLOOKUP(A183,ICR,3,FALSE) -> #N/A | E183: 037859352
A184: 5615 | B184: Maconaquah School Corp | C184: =A184&" "&B184&"|"&" "&"(DUNS#)"&" "&E184 -> 5615 Maconaquah School Corp | (DUNS#) 932890007 | D184: =VLOOKUP(A184,ICR,3,FALSE) -> #N/A | E184: 932890007
A185: 5620 | B185: North Miami Community Schools | C185: =A185&" "&B185&"|"&" "&"(DUNS#)"&" "&E185 -> 5620 North Miami Community Schools | (DUNS#) 193221546 | D185: =VLOOKUP(A185,ICR,3,FALSE) -> #N/A | E185: 193221546
A186: 5625 | B186: Oak Hill United School Corp | C186: =A186&" "&B186&"|"&" "&"(DUNS#)"&" "&E186 -> 5625 Oak Hill United School Corp | (DUNS#) 86780160 | D186: =VLOOKUP(A186,ICR,3,FALSE) -> #N/A | E186: 86780160
A187: 5635 | B187: Peru Community Schools | C187: =A187&" "&B187&"|"&" "&"(DUNS#)"&" "&E187 -> 5635 Peru Community Schools | (DUNS#) 094584265 | D187: =VLOOKUP(A187,ICR,3,FALSE) -> 0.0807 | E187: 094584265
A188: 5705 | B188: Richland-Bean Blossom C S C | C188: =A188&" "&B188&"|"&" "&"(DUNS#)"&" "&E188 -> 5705 Richland-Bean Blossom C S C | (DUNS#) 087042362 | D188: =VLOOKUP(A188,ICR,3,FALSE) -> #N/A | E188: 087042362
... A295: 8825 | B295: CSUSA Donnan | C295: =A295&" "&B295&"|"&" "&"(DUNS#)"&" "&E295 -> 8825 CSUSA Donnan| (DUNS#) 007428274 | D295: =VLOOKUP(A295,ICR,3,FALSE) -> 0 | E295: 007428274
A296: 9010 | B296: Ignite Achievement Academy | C296: =A296&" "&B296&"|"&" "&"(DUNS#)"&" "&E296 -> 9010 Ignite Achievement Academy| (DUNS#) | D296: =VLOOKUP(A296,ICR,3,FALSE) -> #N/A
A297: 9015 | B297: Purdue Polytechnic High School | C297: =A297&" "&B297&"|"&" "&"(DUNS#)"&" "&E297 -> 9015 Purdue Polytechnic High School| (DUNS#) | D297: =VLOOKUP(A297,ICR,3,FALSE) -> #N/A
A298: 9030 | B298: Otwell Miller Academy | C298: =A298&" "&B298&"|"&" "&"(DUNS#)"&" "&E298 -> 9030 Otwell Miller Academy| (DUNS#) | D298: =VLOOKUP(A298,ICR,3,FALSE) -> #N/A
A299: 9035 | B299: Indiana Career Connections Academy | C299: =A299&" "&B299&"|"&" "&"(DUNS#)"&" "&E299 -> 9035 Indiana Career Connections Academy| (DUNS#) | D299: =VLOOKUP(A299,ICR,3,FALSE) -> #N/A
A300: 9040 | B300: Avondale Meadows Academy | C300: =A300&" "&B300&"|"&" "&"(DUNS#)"&" "&E300 -> 9040 Avondale Meadows Academy| (DUNS#) | D300: =VLOOKUP(A300,ICR,3,FALSE) -> #N/A
A301: 9045 | B301: James and Rosemary Phalen Leadership Academy | C301: =A301&" "&B301&"|"&" "&"(DUNS#)"&" "&E301 -> 9045 James and Rosemary Phalen Leadership Academy| (DUNS#) | D301: =VLOOKUP(A301,ICR,3,FALSE) -> #N/A
A302: 9050 | B302: Excel Center - Clarksville | C302: =A302&" "&B302&"|"&" "&"(DUNS#)"&" "&E302 -> 9050 Excel Center - Clarksville| (DUNS#) | D302: =VLOOKUP(A302,ICR,3,FALSE) -> #N/A
A303: 9060 | B303: Paramount School of Excellence II | C303: =A303&" "&B303&"|"&" "&"(DUNS#)"&" "&E303 -> 9060 Paramount School of Excellence II| (DUNS#) 831881664 | D303: =VLOOKUP(A303,ICR,3,FALSE) -> 0.017 | E303: 831881664
A304: 9065 | B304: Allegiant Preparatory Academy | C304: =A304&" "&B304&"|"&" "&"(DUNS#)"&" "&E304 -> 9065 Allegiant Preparatory Academy| (DUNS#) 32854615 | D304: NA | E304: 32854615
A305: 9070 | B305: Gary Middle College West | C305: =A305&" "&B305&"|"&" "&"(DUNS#)"&" "&E305 -> 9070 Gary Middle College West| (DUNS#)
A306: 9080 | B306: Vanguard Collegiate of Indy | C306: =A306&" "&B306&"|"&" "&"(DUNS#)"&" "&E306 -> 9080 Vanguard Collegiate of Indy| (DUNS#) 46561519 | E306: 46561519
A307: 9085 | B307: PilotED Schools Bethel Park | C307: =A307&" "&B307&"|"&" "&"(DUNS#)"&" "&E307 -> 9085 PilotED Schools Bethel Park| (DUNS#) | D307: =VLOOKUP(A307,ICR,3,FALSE) -> 0.017
A308: 9090 | B308: Matchbook Learning | C308: =A308&" "&B308&"|"&" "&"(DUNS#)"&" "&E308 -> 9090 Matchbook Learning| (DUNS#) 80977456 | E308: 80977456
A309: 9095 | B309: Urban ACT Academy Innovation Network Charter School | C309: =A309&" "&B309&"|"&" "&"(DUNS#)"&" "&E309 -> 9095 Urban ACT Academy Innovation Network Charter School| (DUNS#) | D309: =VLOOKUP(A309,ICR,3,FALSE) -> #N/A
A310: 9100 | B310: Indiana Dept. of Corrections (Part D only) | C310: =A310&" "&B310&"|"&" "&"(DUNS#)"&" "&E310 -> 9100 Indiana Dept. of Corrections (Part D only)| (DUNS#) | D310: =VLOOKUP(A310,ICR,3,FALSE) -> #N/A
A311: 9115 | B311: Kindezi Academy | C311: =A311&" "&B311&"|"&" "&"(DUNS#)"&" "&E311 -> 9115 Kindezi Academy| (DUNS#) | D311: =VLOOKUP(A311,ICR,3,FALSE) -> #N/A
A312: 9120 | B312: Insight School Of Indiana | C312: =A312&" "&B312&"|"&" "&"(DUNS#)"&" "&E312 -> 9120 Insight School Of Indiana| (DUNS#) 965028058 | D312: =VLOOKUP(A312,ICR,3,FALSE) -> #N/A | E312: 965028058
A313: 9145 | B313: Riverside Charter Sch,District | C313: =A313&" "&B313&"|"&" "&"(DUNS#)"&" "&E313 -> 9145 Riverside Charter Sch,District| (DUNS#) 809528222 | D313: =VLOOKUP(A313,ICR,3,FALSE) -> #N/A | E313: 809528222
A314: 9150 | B314: Circle City Prep Charter School | C314: =A314&" "&B314&"|"&" "&"(DUNS#)"&" "&E314 -> 9150 Circle City Prep Charter School| (DUNS#) | D314: =VLOOKUP(A314,ICR,3,FALSE) -> #N/A
A315: 9155 | B315: Indiana Virtual Pathways Academy | C315: =A315&" "&B315&"|"&" "&"(DUNS#)"&" "&E315 -> 9155 Indiana Virtual Pathways Academy | (DUNS#) 80209388 | D315: =VLOOKUP(A315,ICR,3,FALSE) -> #N/A | E315: 80209388
A316: 9160 | B316: Muncie Excel Center | C316: =A316&" "&B316&"|"&" "&"(DUNS#)"&" "&E316 -> 9160 Muncie Excel Center| (DUNS#) | D316: =VLOOKUP(A316,ICR,3,FALSE) -> #N/A
A317: 9190 | B317: Excel Center Gary (LEADS) | C317: =A317&" "&B317&"|"&" "&"(DUNS#)"&" "&E317 -> 9190 Excel Center Gary (LEADS)| (DUNS#) | D317: =VLOOKUP(A317,ICR,3,FALSE) -> #N/A
A318: 9195 | B318: Timothy L Johnson Leadership Academy | C318: =A318&" "&B318&"|"&" "&"(DUNS#)"&" "&E318 -> 9195 Timothy L Johnson Leadership Academy| (DUNS#) 81514095 | D318: =VLOOKUP(A318,ICR,3,FALSE) -> #N/A | E318: 81514095
A319: 9305 | B319: Excel Center - Richmond | C319: =A319&" "&B319&"|"&" "&"(DUNS#)"&" "&E319 -> 9305 Excel Center - Richmond| (DUNS#) 047553551 | D319: =VLOOKUP(A319,ICR,3,FALSE) -> 0 | E319: 047553551
A320: 9310 | B320: Charter School Of The Dunes | C320: =A320&" "&B320&"|"&" "&"(DUNS#)"&" "&E320 -> 9310 Charter School Of The Dunes | (DUNS#) 130768299 | D320: =VLOOKUP(A320,ICR,3,FALSE) -> #N/A | E320: 130768299
A321: 9315 | B321: Signature School Inc | C321: =A321&" "&B321&"|"&" "&"(DUNS#)"&" "&E321 -> 9315 Signature School Inc | (DUNS#) 797508426 | D321: =VLOOKUP(A321,ICR,3,FALSE) -> #N/A | E321: 797508426
A322: 9320 | B322: Community Montessori Inc | C322: =A322&" "&B322&"|"&" "&"(DUNS#)"&" "&E322 -> 9320 Community Montessori Inc | (DUNS#) 113396712 | D322: =VLOOKUP(A322,ICR,3,FALSE) -> #N/A | E322: 113396712
A323: 9325 | B323: Options Charter School - Carmel | C323: =A323&" "&B323&"|"&" "&"(DUNS#)"&" "&E323 -> 9325 Options Charter School - Carmel | (DUNS#) 125047519 | D323: =VLOOKUP(A323,ICR,3,FALSE) -> 0.0004 | E323: 125047519
A324: 9330 | B324: Irvington Community School | C324: =A324&" "&B324&"|"&" "&"(DUNS#)"&" "&E324 -> 9330 Irvington Community School | (DUNS#) 165488219 | D324: =VLOOKUP(A324,ICR,3,FALSE) -> #N/A | E324: 165488219
A325: 9335 | B325: Excel Center - Lafayette Square Mall | C325: =A325&" "&B325&"|"&" "&"(DUNS#)"&" "&E325 -> 9335 Excel Center - Lafayette Square Mall| (DUNS#) 070635286 | D325: =VLOOKUP(A325,ICR,3,FALSE) -> 0.0004 | E325: 070635286
A326: 9345 | B326: Excel Center - Lafayette | C326: =A326&" "&B326&"|"&" "&"(DUNS#)"&" "&E326 -> 9345 Excel Center - Lafayette | (DUNS#) | D326: =VLOOKUP(A326,ICR,3,FALSE) -> 0
A327: 9350 | B327: Timothy L Johnson Academy | C327: =A327&" "&B327&"|"&" "&"(DUNS#)"&" "&E327 -> 9350 Timothy L Johnson Academy | (DUNS#) 119075567 | D327: =VLOOKUP(A327,ICR,3,FALSE) -> #N/A | E327: 119075567
A328: 9355 | B328: Excel Center - Kokomo | C328: =A328&" "&B328&"|"&" "&"(DUNS#)"&" "&E328 -> 9355 Excel Center - Kokomo| (DUNS#) | D328: =VLOOKUP(A328,ICR,3,FALSE) -> 0.0003
A329: 9365 | B329: Enlace Academy | C329: =A329&" "&B329&"|"&" "&"(DUNS#)"&" "&E329 -> 9365 Enlace Academy| (DUNS#) 100740620 | D329: =VLOOKUP(A329,ICR,3,FALSE) -> #N/A | E329: 100740620
A330: 9380 | B330: Christel House Academy South | C330: =A330&" "&B330&"|"&" "&"(DUNS#)"&" "&E330 -> 9380 Christel House Academy South | (DUNS#) 078504402 | D330: =VLOOKUP(A330,ICR,3,FALSE) -> 0.017 | E330: 078504402
A331: 9385 | B331: Christel House DORS | C331: =A331&" "&B331&"|"&" "&"(DUNS#)"&" "&E331 -> 9385 Christel House DORS| (DUNS#) 078512155 | D331: =VLOOKUP(A331,ICR,3,FALSE) -> 0.017 | E331: 078512155
A332: 9395 | B332: Christel House Academy West | C332: =A332&" "&B332&"|"&" "&"(DUNS#)"&" "&E332 -> 9395 Christel House Academy West| (DUNS#) | D332: =VLOOKUP(A332,ICR,3,FALSE) -> 0.0326
A333: 9400 | B333: KIPP Indpls College Preparatory | C333: =A333&" "&B333&"|"&" "&"(DUNS#)"&" "&E333 -> 9400 KIPP Indpls College Preparatory | (DUNS#) 149179934 | D333: =VLOOKUP(A333,ICR,3,FALSE) -> #N/A | E333: 149179934
A334: 9410 | B334: KIPP Unite College Prep Elementary | C334: =A334&" "&B334&"|"&" "&"(DUNS#)"&" "&E334 -> 9410 KIPP Unite College Prep Elementary| (DUNS#) | D334: =VLOOKUP(A334,ICR,3,FALSE) -> #N/A
A335: 9425 | B335: Tindley Genesis | C335: =A335&" "&B335&"|"&" "&"(DUNS#)"&" "&E335 -> 9425 Tindley Genesis| (DUNS#) 091557276 | D335: =VLOOKUP(A335,ICR,3,FALSE) -> #N/A | E335: 091557276
A336: 9430 | B336: Tindley Summit | C336: =A336&" "&B336&"|"&" "&"(DUNS#)"&" "&E336 -> 9430 Tindley Summit| (DUNS#) | D336: =VLOOKUP(A336,ICR,3,FALSE) -> #N/A
A337: 9435 | B337: Indiana Achievement Academy | C337: =A337&" "&B337&"|"&" "&"(DUNS#)"&" "&E337 -> 9435 Indiana Achievement Academy| (DUNS#) | D337: =VLOOKUP(A337,ICR,3,FALSE) -> #N/A
A338: 9440 | B338: Christel House DORS West | C338: =A338&" "&B338&"|"&" "&"(DUNS#)"&" "&E338 -> 9440 Christel House DORS West| (DUNS#) | D338: =VLOOKUP(A338,ICR,3,FALSE) -> #N/A
A339: 9445 | B339: Charles A Tindley Accelerated Schl | C339: =A339&" "&B339&"|"&" "&"(DUNS#)"&" "&E339 -> 9445 Charles A Tindley Accelerated Schl| (DUNS#) 153474510 | D339: =VLOOKUP(A339,ICR,3,FALSE) -> #N/A | E339: 153474510
A340: 9460 | B340: Thea Bowman Leadership Academy | C340: =A340&" "&B340&"|"&" "&"(DUNS#)"&" "&E340 -> 9460 Thea Bowman Leadership Academy | (DUNS#) 784290749 | D340: =VLOOKUP(A340,ICR,3,FALSE) -> #N/A | E340: 784290749
A341: 9465 | B341: Rural Community Schools Inc | C341: =A341&" "&B341&"|"&" "&"(DUNS#)"&" "&E341 -> 9465 Rural Community Schools Inc | (DUNS#) 149019718 | D341: =VLOOKUP(A341,ICR,3,FALSE) -> #N/A | E341: 149019718
A342: 9485 | B342: Se Neighborhood Sch Of Excellence | C342: =A342&" "&B342&"|"&" "&"(DUNS#)"&" "&E342 -> 9485 Se Neighborhood Sch Of Excellence | (DUNS#) 178206111 | D342: =VLOOKUP(A342,ICR,3,FALSE) -> 0.0336 | E342: 178206111
A343: 9490 | B343: Indiana College Preparatory | C343: =A343&" "&B343&"|"&" "&"(DUNS#)"&" "&E343 -> 9490 Indiana College Preparatory| (DUNS#) 149179934 | D343: =VLOOKUP(A343,ICR,3,FALSE) -> #N/A | E343: 149179934
A344: 9495 | B344: Joshua Academy | C344: =A344&" "&B344&"|"&" "&"(DUNS#)"&" "&E344 -> 9495 Joshua Academy | (DUNS#) 072279651 | D344: =VLOOKUP(A344,ICR,3,FALSE) -> #N/A | E344: 072279651
A345: 9505 | B345: Indiana Agriculture and Technology | C345: =A345&" "&B345&"|"&" "&"(DUNS#)"&" "&E345 -> 9505 Indiana Agriculture and Technology| (DUNS#)
A346: 9535 | B346: Gary Lighthouse Charter School | C346: =A346&" "&B346&"|"&" "&"(DUNS#)"&" "&E346 -> 9535 Gary Lighthouse Charter School | (DUNS#) 607006017 | D346: =VLOOKUP(A346,ICR,3,FALSE) -> 0.0399 | E346: 607006017
A347: 9545 | B347: 21st Century Charter Sch Of Gary | C347: =A347&" "&B347&"|"&" "&"(DUNS#)"&" "&E347 -> 9545 21st Century Charter Sch Of Gary | (DUNS#) 173888988 | D347: =VLOOKUP(A347,ICR,3,FALSE) -> #N/A | E347: 173888988
A348: 9555 | B348: East Chicago Urban Enterprise Acad | C348: =A348&" "&B348&"|"&" "&"(DUNS#)"&" "&E348 -> 9555 East Chicago Urban Enterprise Acad| (DUNS#) 956873269 | D348: =VLOOKUP(A348,ICR,3,FALSE) -> #N/A | E348: 956873269
A349: 9575 | B349: Indpls Lighthouse Charter School | C349: =A349&" "&B349&"|"&" "&"(DUNS#)"&" "&E349 -> 9575 Indpls Lighthouse Charter School | (DUNS#) 800132214 | D349: =VLOOKUP(A349,ICR,3,FALSE) -> 0.0404 | E349: 800132214
A350: 9595 | B350: East Chicago Lighthouse Charter | C350: =A350&" "&B350&"|"&" "&"(DUNS#)"&" "&E350 -> 9595 East Chicago Lighthouse Charter | (DUNS#) 884535360 | D350: =VLOOKUP(A350,ICR,3,FALSE) -> 0.0527 | E350: 884535360
A351: 9615 | B351: Andrew J Brown Academy | C351: =A351&" "&B351&"|"&" "&"(DUNS#)"&" "&E351 -> 9615 Andrew J Brown Academy | (DUNS#) 165483830 | D351: =VLOOKUP(A351,ICR,3,FALSE) -> 0.0114 | E351: 165483830
A352: 9620 | B352: Burris Laboratory School | C352: =A352&" "&B352&"|"&" "&"(DUNS#)"&" "&E352 -> 9620 Burris Laboratory School| (DUNS#) 100214287 | D352: =VLOOKUP(A352,ICR,3,FALSE) -> #N/A | E352: 100214287
A353: 9625 | B353: IN Academy for Science ,Math, and Humanities | C353: =A353&" "&B353&"|"&" "&"(DUNS#)"&" "&E353 -> 9625 IN Academy for Science ,Math, and Humanities| (DUNS#) 620263939 | D353: =VLOOKUP(A353,ICR,3,FALSE) -> #N/A | E353: 620263939
...

Sheet ARP-HCY I Budget Table
A1: American Rescue Plan – Homeless Children and Youth (ARP-HCY) - Budget Table
A2: ='ARP-HCY I Budget Summary'!B9 -> -Select LEA-
A3: Object List | C3: 110-120 | D3: 211-290 | E3: 311-319 | F3: 440 | G3: 510-593 | H3: 611-689 | I3: 710-748 | J3: 800-899 | K3: 910
A4: Account Number | B4: Expenditure Account | C4: Salary | D4: Benefits | E4: Professional Services | F4: Rentals | G4: Other Purchase Services | H4: General Supplies | I4: Property | J4: Other | K4: Transfer | L4: Line Totals
A5: 11000 | B5: Instruction | C5: =' ARP-HCY I Budget Detail'!F34 -> 0 | D5: =' ARP-HCY I Budget Detail'!F35 -> 0 | E5: =' ARP-HCY I Budget Detail'!F36 -> 0 | F5: =' ARP-HCY I Budget Detail'!F37 -> 0 | G5: =' ARP-HCY I Budget Detail'!F38 -> 0 | H5: =' ARP-HCY I Budget Detail'!F39 -> 0 | I5: =' ARP-HCY I Budget Detail'!F40 -> 0 | J5: =' ARP-HCY I Budget Detail'!F41 -> 0 | K5: =' ARP-HCY I Budget Detail'!F42 -> 0 | L5: =SUM(C5:K5) -> 0
A6: 21000 | B6: Support Services - Student | C6: =' ARP-HCY I Budget Detail'!F43 -> 0 | D6: =' ARP-HCY I Budget Detail'!F44 -> 0 | E6: =' ARP-HCY I Budget Detail'!F45 -> 0 | F6: =' ARP-HCY I Budget Detail'!F46 -> 0 | G6: =' ARP-HCY I Budget Detail'!F47 -> 0 | H6: =' ARP-HCY I Budget Detail'!F48 -> 0 | I6: =' ARP-HCY I Budget Detail'!F49 -> 0 | J6: =' ARP-HCY I Budget Detail'!F50 -> 0 | K6: =' ARP-HCY I Budget Detail'!F51 -> 0 | L6: =SUM(C6:K6) -> 0
A7: 22100 | B7: Improvement of Instruction | C7: =' ARP-HCY I Budget Detail'!F52 -> 0 | D7: =' ARP-HCY I Budget Detail'!F53 -> 0 | E7: =' ARP-HCY I Budget Detail'!F54 -> 0 | F7: =' ARP-HCY I Budget Detail'!F55 -> 0 | G7: =' ARP-HCY I Budget Detail'!F56 -> 0 | H7: =' ARP-HCY I Budget Detail'!F57 -> 0 | I7: =' ARP-HCY I Budget Detail'!F58 -> 0 | J7: =' ARP-HCY I Budget Detail'!F59 -> 0 | K7: =' ARP-HCY I Budget Detail'!F60 -> 0 | L7: =SUM(C7:K7) -> 0
A8: 22900 | B8: Other Support Services | C8: =' ARP-HCY I Budget Detail'!F61 -> 0 | D8: =' ARP-HCY I Budget Detail'!F62 -> 0 | E8: =' ARP-HCY I Budget Detail'!F63 -> 0 | F8: =' ARP-HCY I Budget Detail'!F64 -> 0 | G8: =' ARP-HCY I Budget Detail'!F65 -> 0 | H8: =' ARP-HCY I Budget Detail'!F66 -> 0 | I8: =' ARP-HCY I Budget Detail'!F67 -> 0 | J8: =' ARP-HCY I Budget Detail'!F68 -> 0 | K8: =' ARP-HCY I Budget Detail'!F69 -> 0 | L8: =SUM(C8:K8) -> 0
A9: 25191 | B9: Refund of Revenue | L9: =SUM(C9:K9) -> 0
A10: 26000 | B10: Operations & Maintenance | C10: =' ARP-HCY I Budget Detail'!F70 -> 0 | D10: =' ARP-HCY I Budget Detail'!F71 -> 0 | E10: =' ARP-HCY I Budget Detail'!F72 -> 0 | F10: =' ARP-HCY I Budget Detail'!F73 -> 0 | G10: =' ARP-HCY I Budget Detail'!F74 -> 0 | H10: =' ARP-HCY I Budget Detail'!F75 -> 0 | I10: =' ARP-HCY I Budget Detail'!F76 -> 0 | J10: =' ARP-HCY I Budget Detail'!F77 -> 0 | K10: =' ARP-HCY I Budget Detail'!F78 -> 0 | L10: =SUM(C10:K10) -> 0
A11: 27000 | B11: Transportation | C11: =' ARP-HCY I Budget Detail'!F79 -> 0 | D11: =' ARP-HCY I Budget Detail'!F80 -> 0 | E11: =' ARP-HCY I Budget Detail'!F81 -> 0 | F11: =' ARP-HCY I Budget Detail'!F82 -> 0 | G11: =' ARP-HCY I Budget Detail'!F83 -> 0 | H11: =' ARP-HCY I Budget Detail'!F84 -> 0 | I11: =' ARP-HCY I Budget Detail'!F85 -> 0 | J11: =' ARP-HCY I Budget Detail'!F86 -> 0 | K11: =' ARP-HCY I Budget Detail'!F87 -> 0 | L11: =SUM(C11:K11) -> 0
A12: 33000 | B12: Community Service Operations | C12: =' ARP-HCY I Budget Detail'!F88 -> 0 | D12: =' ARP-HCY I Budget Detail'!F89 -> 0 | E12: =' ARP-HCY I Budget Detail'!F90 -> 0 | F12: =' ARP-HCY I Budget Detail'!F91 -> 0 | G12: =' ARP-HCY I Budget Detail'!F92 -> 0 | H12: =' ARP-HCY I Budget Detail'!F93 -> 0 | I12: =' ARP-HCY I Budget Detail'!F94 -> 0 | J12: =' ARP-HCY I Budget Detail'!F95 -> 0 | K12: =' ARP-HCY I Budget Detail'!F96 -> 0 | L12: =SUM(C12:K12) -> 0
B13: Column Totals | C13: =SUM(C5:C12) -> 0 | D13: =SUM(D5:D12) -> 0 | E13: =SUM(E5:E12) -> 0 | F13: =SUM(F5:F12) -> 0 | G13: =SUM(G5:G12) -> 0 | H13: =SUM(H5:H12) -> 0 | I13: =SUM(I5:I12) -> 0 | J13: =SUM(J5:J12) -> 0 | K13: =SUM(K5:K12) -> 0 | L13: =SUM(C13:K13) -> 0
A14: Indirect Cost Rate %: | D14: Subtract the amount above $25,000 (per individual contracted service) from your total budget:
J15: Total after deducting Property: | L15: =SUM(L13,L14)-I13 -> 0
J16: Total Available for Indirect Costs: | L16: =(C14/100)*L15 -> 0
J17: Amount of Indirect Cost to be used: | L17: =' ARP-HCY I Budget Detail'!F98 -> 0
J18: Grand Total After Indirect Cost: | L18: =' ARP-HCY I Budget Detail'!F99 -> 0
